 Dungeon Crawl Stone Soup version 0.28.0-43-g3370ac3207 (webtiles) character file.

Game seed: 2605397733295806727

142 zeratav the Insei (level 5, 0/35 HPs)
             Began as an Octopode Transmuter on Mar 30, 2022.
             Constricted to death by a ball python (1 damage)
             ... while paralysed by Grinder
             ... on level 3 of the Dungeon.
             The game lasted 00:17:22 (3654 turns).

zeratav the Insei (Octopode Transmuter)             Turns: 3654, Time: 00:17:23

Health: 0/35       AC:  0    Str: 10    XL:     5   Next: 25%
Magic:  7/8        EV:  2    Int: 15    God:
Gold:   147        SH:  0    Dex: 19    Spells: 4/8 levels left

rFire   . . .      SeeInvis .     - Unarmed
rCold   . . .      Faith    .   (shield currently unavailable)
rNeg    . . .      Spirit   .   (helmet currently unavailable)
rPois   .          Reflect  .   (no amulet)
rElec   .          Harm     .   (ring currently unavailable)
rCorr   .          Rampage  .   (ring currently unavailable)
Will    .....                   (ring currently unavailable)
Stlth   +++.......              (ring currently unavailable)
HPRegen 0.11/turn               (ring currently unavailable)
MPRegen 0.11/turn               (ring currently unavailable)
                                (ring currently unavailable)
                                (ring currently unavailable)

@: paralysed, bat-form, flying, constricted, very quick
A: fast, flying, no casting, almost no armour, (amphibious), (8 rings), tiny,
(camouflage 1), (gelatinous body 1), (nimble swimmer 1), (tentacles)
a: no special abilities


You were on level 3 of the Dungeon.
You were a bat.
You visited 1 branch of the dungeon, and saw 3 of its levels.

You collected 147 gold pieces.

Inventory:

Hand Weapons
 j - a +2 quarterstaff of speed
Missiles
 e - 47 stones
 l - 3 poisoned darts (quivered)
Jewellery
 k - a ring of resist corrosion (melded)
Wands
 c - a wand of acid (14)
Scrolls
 h - 2 scrolls of teleportation
Potions
 a - 2 potions of cancellation {unknown}
 b - 2 potions of heal wounds {unknown}
 g - 2 potions of berserk rage {unknown}
 i - 2 potions of curing {unknown}
 m - a potion of mutation {unknown}


   Skills:
 * Level 2.3 Fighting
 + Level 2.4 Dodging
 + Level 2.9 Stealth
 + Level 4.5 Unarmed Combat
 - Level 2.0 Spellcasting
 - Level 2.0 Transmutations


You had 4 spell levels left.
You knew the following spells:

 Your Spells              Type           Power      Damage    Failure   Level
a - Beastly Appendage     Tmut           14%        N/A       10%         1
b - Spider Form           Tmut/Pois      4%         N/A       41%         3

Your spell library contained the following spells:

 Spells                   Type           Power      Damage    Failure   Level
 Wereblood                Tmut           7%         N/A       14%         2
 Ice Form                 Ice/Tmut       4%         N/A       82%         4
 Fireball                 Conj/Fire      0%         3d3       99%         5
 Starburst                Conj/Fire      0%         6d3       100%        6
 Ignition                 Fire           0%         3d3       100%        8


Dungeon Overview and Level Annotations

Branches:
Dungeon (3/15)

Altars:

Annotations:
D:3 Grinder


Innate Abilities, Weirdness & Mutations

You are a bat.
You are tiny and dextrous.
You move quickly.
You are flying.
Your equipment is almost entirely melded.
You are incapable of wielding weapons or throwing items.
You cannot cast spells.
You cannot wear most types of armour.
((You are amphibious.))
((You can wear up to eight rings at the same time.))
((Your skin changes colour to match your surroundings (Stealth+).))
((Your rubbery body absorbs attacks. (AC +1, EV +1)))
((You are camouflaged when in or above water. (Stealth+)))
((You have tentacles for arms and can constrict up to eight enemies at once.))


Message History

c - a wand of acid (14)
A frilled lizard comes into view.
Found a scroll labelled NOLUUP WEIGG.
Found 2 javelins.
Grinder comes into view.
She is carrying a wand of polymorph (13).
Attack: -) Tentacles
Press: ? - help, Dir - move target, f - you
Okay, then.
Okay, then.
Okay, then.
Casting: Beastly Appendage (safe; 10% risk of failure)
Confirm with . or Enter, or press ? or * to list all spells.
One of your tentacles grows a vicious spike.
A ball python comes into view.
Found a stone staircase leading up.
The ball python hisses angrily.
You closely miss Grinder.
Grinder shouts!
You grab Grinder.
You pierce Grinder.
You squeeze Grinder.
Grinder is moderately wounded.
You constrict Grinder, but do no damage.
Grinder zaps a wand.
Your tentacle spike disappears.
You turn into a bat.
Your ring of resist corrosion melds into your body.
You lose your grip on Grinder.
The ball python closely misses you. The ball python completely misses you.
You hit the ball python but do no damage.
A rat comes into view.
Grinder gestures at you.
You suddenly lose the ability to move!
The ball python bites you. The ball python barely misses you.
The ball python bites you. The ball python grabs you.
The ball python constricts you. Grinder hits you!
You writhe in agony.
The ball python bites you. The ball python constricts you. Grinder hits you!
* * * LOW HITPOINT WARNING * * *
The ball python bites you.
* * * LOW HITPOINT WARNING * * *
The ball python constricts you.
You die...

,,*,,,,,,,,,,,#.#..#.#
,,,,,,,,,*.#.##.#..#.####
,,,,,,,,,,..............#
,,,,,,,,,,...l.....#.####
,,,,,,,,,,..(.#?.#.#.#
**..#,,,*#...,#.r#.#.#
##..#,,,*#...,#..#.#.#
....,,,,,.....#5.#.#.#
#..#,,,,,<.....Sb#.#.#
#..#,,,............#.#
#..#*,..##.#..#..#.#.#
#..##.>.##.......#.#.#
.......###.#..#..#.#.#
#†.##............#.#.#
...................#.#
....######...........#
...........#.......###


You could see Grinder, a ball python and a rat.

Vanquished Creatures
  A hound (D:2)
  5 adders (D:2)
  2 worms
  2 dart slugs (D:1)
  6 ball pythons
  2 endoplasms (D:3)
  A giant cockroach (D:2)
  12 goblins
  4 hobgoblins
  5 bats
  9 frilled lizards
  4 kobolds (D:1)
  8 rats
61 creatures vanquished.

Notes
Turn   | Place    | Note
-------+----------+-------------------------------------------
     0 | D:1      | zeratav the Octopode Transmuter began the quest for the
                  | Orb.
     0 | D:1      | Reached XP level 1. HP: 13/13 MP: 3/3
   528 | D:1      | Reached XP level 2. HP: 18/18 MP: 5/5
   648 | D:1      | Found a faded altar of an unknown god.
  1131 | D:1      | Reached XP level 3. HP: 23/23 MP: 6/6
  1794 | D:2      | Reached skill level 1 in Stealth
  1794 | D:2      | Reached skill level 4 in Unarmed Combat
  1878 | D:2      | Reached XP level 4. HP: 29/29 MP: 7/7
  2559 | D:2      | Reached XP level 5. HP: 26/34 MP: 8/8
  2917 | D:2      | Learned a level 3 spell: Spider Form
  3640 | D:3      | Noticed Grinder
  3651 | D:3      | Paralysed by Grinder for 5 turns
  3654 | D:3      | HP: 1/35 [ball python (1)]
  3654 | D:3      | Constricted to death by a ball python

Illustrated notes

Levels and vault maps discovered:
D:1:      onia_arrival_mini_spirals, layout_basic,
          dreamdust_ecumenical_altar_statues
D:2:      layout_loops_corners, dk_noncrumbling_2, minmay_misc_feat_square,
          due_unseen_surprise
D:3:      layout_basic, uniq_grinder

Skill      XL: |  1  2  3  4 |
---------------+-------------+-----
Stealth        | 1 2 |  2.9
Unarmed Combat | 4 |  4.5
Fighting       | 2 |  2.3
Dodging        | |  2.4
Spellcasting   | |  2.0
Transmutations | |  2.0

Action                   |  1- 3 |  4- 6 || total
-------------------------+-------+-------++-------
Melee: Unarmed           |    72 |    61 ||   133
       Constrict         |    21 |    14 ||    35
       Tentacles         |    13 |    12 ||    25
       Punch             |       |     1 ||     1
       Kick              |       |     4 ||     4
Throw: Stone             |    22 |    11 ||    33
       Dart              |       |    15 ||    15
 Cast: Beastly Appendage |       |     2 ||     2
  Use: Scroll            |       |     6 ||     6
 Stab: Sleeping          |     7 |     4 ||    11
Armor: Skin              |     3 |     2 ||     5
Dodge: Dodged            |    54 |    32 ||    86
